 Dungeon Crawl Stone Soup version 0.28.0-45-g0d030f2227 (webtiles) character file.

Game seed: 12773591489399061436

5277 Descartes the Protected (level 10, -7/67 HPs)
             Began as a Formicid Warper on Apr 9, 2022.
             Was an Initiate of Gozag.
             Mangled by a two-headed ogre
             ... wielding a +0 giant spiked club
              (11 damage)
             ... on level 9 of the Dungeon.
             The game lasted 00:19:24 (7872 turns).

Descartes the Protected (Formicid Warper)           Turns: 7872, Time: 00:19:26

Health: -7/67      AC: 15    Str: 21    XL:     10   Next: 94%
Magic:  13/13      EV: 10    Int: 12    God:    Gozag
Gold:   887        SH:  0    Dex: 10    Spells: 6/13 levels left

rFire   . . .      SeeInvis +   s - +11 hand axe "Lifebane" {spect, rC++ Will+}
rCold   + + +      Faith    .   (no shield)
rNeg    . . .      Spirit   .   S - +2 scale mail {rC+}
rPois   .          Reflect  .   (helmet unavailable)
rElec   .          Harm     .   H - +2 cloak
rCorr   .          Rampage  .   (no gloves)
Will    +++..                   G - +0 pair of boots
Stlth   ..........              z - amulet of regeneration
HPRegen 1.01/turn               y - ring of willpower
MPRegen 0.13/turn               A - ring of protection from cold

@: invisible
A: permanent stasis, dig shafts and tunnels, antennae 3, four strong arms
a: Dig, Shaft Self, Renounce Religion, Potion Petition, Call Merchant, Bribe
Branch


You were on level 9 of the Dungeon.
You worshipped Gozag.
Gozag was pleased with you.
You visited 2 branches of the dungeon, and saw 10 of its levels.
You also visited: Sewer.

You collected 1253 gold pieces.
You spent 282 gold pieces at shops.
You paid 84 gold pieces to Gozag.

Inventory:

Hand Weapons
 n - the +7 war axe of the Incandescent {vorpal, Str+4 Int+9}
   (You found it on level 2 of the Dungeon)

   It inflicts extra damage upon your enemies.
   Str:       It affects your strength (+4).
   Int:       It affects your intelligence (+9).
 s - the +11 hand axe "Lifebane" (weapon) {spect, rC++ Will+}
   (You found it on level 2 of the Dungeon)

   When its wielder attacks, the weapon's spirit leaps out and strikes again.
   The spirit shares a part of any damage it takes with its wielder.
   rC:        It greatly protects you from cold.
   Will:      It increases your willpower.
 x - a +3 quarterstaff of chaos
 F - a +2 dagger of venom
Missiles
 c - 5 boomerangs of dispersal (quivered)
 e - 276 stones
 m - 4 atropa-tipped darts
 o - 40 poisoned darts
 u - 4 throwing nets
 D - a curare-tipped dart
 L - 4 boomerangs
Armour
 G - a +0 pair of boots (worn)
 H - a +2 cloak (worn)
 J - an orb of energy
 O - a +2 leather armour of fire resistance
 S - a +2 scale mail of cold resistance (worn)
Jewellery
 h - a +6 ring of dexterity
 y - a ring of willpower (left hand)
 z - an amulet of regeneration (around neck)
 A - a ring of protection from cold (right hand)
Wands
 N - a wand of flame (19)
 R - a wand of iceblast (10)
Scrolls
 a - 4 scrolls of enchant weapon
 b - 3 scrolls of magic mapping
 f - a scroll of holy word
 i - 2 scrolls of vulnerability
 j - 2 scrolls of silence
 l - 3 scrolls of enchant armour
 q - 5 scrolls of immolation
 M - a scroll of fear
 P - a scroll of fog
Potions
 d - 3 potions of invisibility
 g - a potion of flight {unknown}
 k - a potion of attraction {unknown}
 r - a potion of curing {unknown}
 t - a potion of cancellation {unknown}
 v - 2 potions of mutation
 w - a potion of heal wounds {unknown}
 C - a potion of degeneration {unknown}
 E - a potion of resistance {unknown}
 I - a potion of berserk rage {unknown}
 K - a potion of magic {unknown}
 Q - a potion of brilliance {unknown}
 T - a potion of might


   Skills:
 - Level 2.1 Fighting
 + Level 9.2 Axes
 - Level 1.0 Throwing
 + Level 9.8 Armour
 - Level 1.7 Dodging
 - Level 2.1 Spellcasting
 + Level 8.7 Translocations


You had 6 spell levels left.
You knew the following spells:

 Your Spells              Type           Power      Damage    Failure   Level
a - Manifold Assault      Tloc           22%        N/A       43%         5
b - Passwall              Tmut/Erth      0%         N/A       67%         2

Your spell library contained the following spells:

 Spells                   Type           Power      Damage    Failure   Level
 Gell's Gravitas          Tloc           22%        N/A       4%          3
 Lesser Beckoning         Tloc           22%        N/A       4%          3
 Teleport Other           Tloc           22%        N/A       4%          3
 Ensorcelled Hibernation  Hex/Ice        2%         N/A       67%         2
 Storm Form               Tmut/Air       0%         N/A       100%        7
 Blink                    Tloc           Unusable   N/A       N/A         2
 Swiftness                Air            Unusable   N/A       N/A         3

Dungeon Overview and Level Annotations

Branches:
Dungeon (9/15)             Temple (1/1) D:4           Sewer (visited)
   Lair: D:8-11         Orc: D:9-12

Altars:
Ashenzari
Cheibriados
Elyvilon
Fedhas
Gozag
Hepliaklqana
Kikubaaqudgha
Makhleb
Nemelex Xobeh
Okawaru
Qazlal
Ru
Sif Muna
Trog
Uskayaw
Vehumet
Wu Jian
Xom
Yredelemnul
Zin
The Shining One

Shops:
D:2 *   D:3 (   D:4 [*


Innate Abilities, Weirdness & Mutations

You cannot be hasted, slowed, berserked, paralysed or teleported.
You can dig through walls and to a lower floor.
You have a pair of large antennae on your head. (SInv)
Your four strong arms can wield two-handed weapons with a shield.


Message History

No target in view!
No target in view!
No target in view!
No target in view!
No target in view!
No target in view!
You swap places.
You now have 887 gold pieces (gained 6).
A two-headed ogre comes into view.
It is wielding a +0 giant spiked club and a +0 giant club.
You see here 7 gold pieces.
The two-headed ogre hits you with a +0 giant spiked club.
The two-headed ogre hits you but does no damage.
You barely miss the two-headed ogre.
Your +11 hand axe "Lifebane" {spect, rC++ Will+} barely misses the two-headed ogre.
The two-headed ogre hits you but does no damage.
The two-headed ogre hits you with a +0 giant club!!
You slice the two-headed ogre!!
The two-headed ogre is moderately wounded.
Your +11 hand axe "Lifebane" {spect, rC++ Will+} hits the two-headed ogre!
You hit the two-headed ogre.
The two-headed ogre is heavily wounded.
Your +11 hand axe "Lifebane" {spect, rC++ Will+} barely misses the two-headed ogre.
The two-headed ogre hits you with a +0 giant spiked club.
The two-headed ogre hits you with a +0 giant club!!
* * * LOW HITPOINT WARNING * * *
You hit the two-headed ogre.
The two-headed ogre is severely wounded.
Your +11 hand axe "Lifebane" {spect, rC++ Will+} completely misses the two-headed ogre.
The two-headed ogre hits you with a +0 giant spiked club!
* * * LOW HITPOINT WARNING * * *
The two-headed ogre hits you with a +0 giant club!
* * * LOW HITPOINT WARNING * * *
You fade into invisibility!
You hit the two-headed ogre.
The two-headed ogre is severely wounded.
Your +11 hand axe "Lifebane" {spect, rC++ Will+} hits the two-headed ogre!
The two-headed ogre barely misses you.
The two-headed ogre hits you with a +0 giant club!
You die...
Your body crumbles into a pile of gold.

### #......# #.. #......#
#.. #......# #.. +......#
#.. ####+##......# #..
....!........# #..
.......(.....#########..
.....$O@..$.............
......ยง...............##
......................#
#######...............#
#...............#
+...............#
#...............#
###+###.........##
...........


You could see a two-headed ogre and a friendly +11 hand axe "Lifebane" {spect,
rC++ Will+} (summoned).

Vanquished Creatures
  Gastronok (D:8)
  Harold (D:8)
  Joseph (D:8)
  Psyche (D:8)
  A water moccasin (D:5)
  An orc warrior (D:8)
  2 sky beasts (D:7)
  An ice beast (D:6)
  A hornet zombie (D:7)
  3 black bears
  An ogre (D:5)
  2 centaurs (D:8)
  7 kobold brigands
  3 phantoms
  2 scorpions (D:5)
  A bullfrog (D:8)
  2 wyvern skeletons (D:6)
  3 wights (D:8)
  4 howler monkeys
  A bullfrog zombie (D:7)
  2 hounds (D:6)
  A jelly (D:6)
  Crazy Yiuf (D:4)
  2 bullfrog skeletons
  2 orc priests (D:8)
  2 iguanas
  2 orc wizards (D:8)
  Natasha (thrice) (D:4)
  A howler monkey zombie (D:9)
  Robin (D:3)
  7 adders
  4 gnolls (D:3)
  4 white imps (D:7)
  An ufetubus (D:5)
  2 worms
  A dart slug (D:3)
  5 orcs
  12 endoplasms
  6 giant cockroaches
  10 goblins
  7 hobgoblins
  6 jackals
  A quokka (D:3)
  6 ball pythons
  3 bats
  4 frilled lizards
  25 kobolds
  4 rats
164 creatures vanquished.

Vanquished Creatures (others)
  2 fungi (Sewer)
  7 plants (Sewer)
9 creatures vanquished.

Grand Total: 173 creatures vanquished

Notes
Turn   | Place    | Note
-------+----------+-------------------------------------------
     0 | D:1      | Descartes the Formicid Warper began the quest for the Orb.
     0 | D:1      | Reached XP level 1. HP: 16/16 MP: 3/3
   177 | D:1      | Found a faded altar of an unknown god.
   299 | D:1      | Reached XP level 2. HP: 22/22 MP: 5/5
  1073 | D:2      | Reached XP level 3. HP: 10/27 MP: 6/6
  1296 | D:2      | Identified the +7 war axe of the Incandescent {vorpal,
                  | Str+4 Int+9}
  1590 | D:2      | Found Kuluopt's Assorted Antiques.
  1709 | D:2      | Identified the +11 hand axe "Lifebane" {spect, rC++ Will+}
  2058 | D:3      | Reached XP level 4. HP: 33/33 MP: 7/7
  2333 | D:3      | Reached XP level 5. HP: 38/38 MP: 8/8
  2401 | D:3      | Found Muawoleo's Antique Weapon Boutique.
  2494 | D:3      | Noticed Robin
  2502 | D:3      | Killed Robin
  3104 | D:4      | Found Nieginut's Armour Emporium.
  3157 | D:4      | Reached XP level 6. HP: 44/44 MP: 9/9
  3188 | D:4      | Noticed Natasha
  3193 | D:4      | Killed Natasha
  3201 | D:4      | Found a staircase to the Ecumenical Temple.
  3220 | Temple   | Entered the Ecumenical Temple
  3508 | Temple   | Became a worshipper of Gozag Ym Sagoz the Greedy
  3575 | D:4      | Found Ugakarr's Assorted Antiques.
  3581 | D:4      | Bought a scroll labelled PYCUF GEUJUCAIT for 21 gold pieces
  3581 | D:4      | Bought a scroll labelled HOSAAB NUZYSEAMOZ for 21 gold
                  | pieces
  3581 | D:4      | Bought a smoky blue potion for 18 gold pieces
  3646 | D:2      | Bought a scroll labelled DOYXKYUNED for 25 gold pieces
  3646 | D:2      | Bought a fuming silvery potion for 22 gold pieces
  3646 | D:2      | Bought a scroll labelled DOYXKYUNED for 25 gold pieces
  3836 | D:4      | Found a runed translucent door.
  3837 | D:4      | Noticed Crazy Yiuf
  3916 | D:4      | Noticed Natasha
  3921 | D:4      | Killed Natasha
  3996 | D:4      | Noticed Natasha
  4000 | D:4      | Killed Natasha
  4267 | D:4      | Killed Crazy Yiuf
  4362 | D:2      | Bought a scroll labelled TEIMYUM NUORU for 25 gold pieces
  4362 | D:2      | Bought a scroll labelled QOCIATRUBLOIGG for 25 gold pieces
  4535 | D:5      | Entered Level 5 of the Dungeon
  4561 | D:5      | Reached XP level 7. HP: 50/50 MP: 10/10
  4733 | D:5      | Noticed a water moccasin
  4739 | D:5      | Killed a water moccasin
  4766 | D:5      | Reached skill level 5 in Axes
  4766 | D:5      | Reached skill level 5 in Armour
  4766 | D:5      | Reached skill level 5 in Translocations
  4784 | D:5      | Found a glowing drain.
  4797 | Sewer    | Entered a sewer
  4821 | Sewer    | Reached XP level 8. HP: 56/56 MP: 11/11
  5212 | D:2      | Bought a scroll of identify for 50 gold pieces
  5212 | D:2      | Bought a scroll of identify for 50 gold pieces
  5721 | D:6      | Reached XP level 9. HP: 58/61 MP: 12/12
  7053 | D:8      | Noticed Psyche
  7056 | D:8      | Killed Psyche
  7063 | D:8      | Reached XP level 10. HP: 61/67 MP: 13/13
  7079 | D:8      | Noticed Joseph
  7089 | D:8      | Killed Joseph
  7112 | D:8      | Learned a level 5 spell: Manifold Assault
  7115 | D:8      | Learned a level 2 spell: Passwall
  7208 | D:8      | Identified the +0 ring mail of Masochism {MP+9}
  7275 | D:8      | Noticed Gastronok
  7287 | D:8      | Killed Gastronok
  7366 | D:8      | Noticed Harold
  7373 | D:8      | Killed Harold
  7863 | D:9      | Noticed a two-headed ogre
  7870 | D:9      | HP: 2/67 [two-headed ogre/+0 giant spiked club (7)]
  7872 | D:9      | Mangled by a two-headed ogre

Illustrated notes

Levels and vault maps discovered:
D:1:      elethiomel_arrival_maze, layout_basic,
          hellmonk_ecumenical_altar_dog_temple
D:2:      layout_loops_ring, serial_shops, shop
D:3:      layout_basic, serial_shops, shop_statue, minmay_door_square,
          uniq_robin
D:4:      layout_basic, minmay_temple_entry_sparse_star, serial_shops,
          nicolae_square_shop, nicolae_shop_hallway_plus,
          uniq_crazy_yiuf_cottage, uniq_natasha
D:5:      layout_loops_ring, cheibrodos_sewer_entry_drain
D:6:      layout_cave_pools
D:7:      layout_cave_pods
D:8:      layout_rooms, uniq_psyche, uniq_harold, uniq_gastronok, uniq_joseph
D:9:      layout_gridville, overflow_temple_1_default, serial_shops, shop
Temple:   mainiacjoe_temple_circle_huts

Skill      XL: |  1  2  3  4  5  6  7  8  9 10 |
---------------+-------------------------------+-----
Translocations | 3 4 5 6 7 8 |  8.7
Armour         | 2 3 4 5 6 8 9 |  9.8
Axes           | 3 4 5 6 7 9 |  9.2
Fighting       | |  2.1
Throwing       | |  1.0
Dodging        | |  1.7
Spellcasting   | |  2.1

Action                   |  1- 3 |  4- 6 |  7- 9 | 10-12 || total
-------------------------+-------+-------+-------+-------++-------
Melee: Hand axe          |    75 |    69 |   100 |    45 ||   289
       War axe           |    14 |       |       |       ||    14
       Punch             |       |     3 |     1 |       ||     4
  Use: Scroll            |       |     3 |     7 |     5 ||    15
       Potion            |       |       |       |     1 ||     1
 Stab: Distracted        |       |       |       |     2 ||     2
Armor: Leather armour    |     9 |       |     1 |    15 ||    25
       Ring mail         |    23 |       |       |       ||    23
       Chain mail        |    10 |    27 |    37 |       ||    74
       Scale mail        |       |       |       |     3 ||     3
Dodge: Dodged            |    51 |    11 |    23 |    26 ||   111
